 Dungeon Crawl Stone Soup version 0.19-a0-1100-g56b2fe9 (webtiles) character file.

2749 Jmtri7 the Basher (level 9, 0/145 HPs)
             Began as an Ogre Berserker on Aug 8, 2016.
             Was an Elder of Trog.
             Killed from afar by a lava snake (22 damage)
             ... with a glob of lava
             ... on level 8 of the Dungeon.
             The game lasted 00:16:56 (7036 turns).

Jmtri7 the Basher (Ogre Berserker)                  Turns: 7036, Time: 00:16:57

Health: 0/145      AC:  4    Str: 32    XL:     9   Next: 68%
Magic:  9/9        EV: 10    Int:  6    God:    Trog [****..]
Gold:   80         SH:  0    Dex: 11    Spells: 0 memorised, 8 levels left

rFire  . . .     SeeInvis .     E - +0 dire flail
rCold  . . .     Gourm    .     b - +0 robe
rNeg   . . .     Faith    .     (shield currently unavailable)
rPois  .         Spirit   .     (helmet restricted)
rElec  .         Dismiss  +     d - +0 cloak {MR+}
rCorr  +         Reflect  .     (gloves unavailable)
SustAt .         Harm     .     (boots unavailable)
MR     +....                    q - amulet of dismissal
Stlth  ..........               r - ring of flight
                                l - ring of resist corrosion

@: berserking, very quick
A: unfitting armour, agile 1, mutation resistance 1, tough skin 1
a: Berserk, Trog's Hand, Brothers in Arms, Burn Spellbooks, Renounce Religion,
Evoke Flight


You were on level 8 of the Dungeon.
You worshipped Trog.
Trog was greatly pleased with you.
You were very hungry.

You visited 1 branch of the dungeon, and saw 8 of its levels.

You collected 440 gold pieces.
You spent 360 gold pieces at shops.

Inventory:

Hand Weapons
 E - a +0 dire flail (weapon)
Armour
 b - a +0 robe (worn)
 d - a +0 cloak of magic resistance (worn)
Jewellery
 a - a cursed -3 ring of dexterity {unknown}
 l - a ring of resist corrosion (left hand)
 q - an amulet of dismissal (around neck)
 r - a ring of flight (right hand)
Wands
 x - a wand of paralysis (24/24)
 z - a wand of iceblast (2/15)
Scrolls
 j - a scroll of enchant weapon
 m - 3 scrolls of fear
 n - a scroll of identify
 o - 6 scrolls of teleportation
 p - 2 scrolls of recharging
 y - 2 scrolls of remove curse
 C - a scroll of magic mapping
Potions
 e - 2 potions of brilliance
 f - a potion of curing
 g - a potion of flight
 i - 3 potions of heal wounds
 u - a potion of cancellation
 v - 2 potions of lignification
 w - a potion of degeneration {unknown}
 A - a potion of might
 B - a potion of haste
 D - a potion of agility {unknown}
Books
 h - a book of Flames

   Spells                             Type                      Level
   a - Flame Tongue                   Conjuration/Fire             1
   b - Throw Flame                    Conjuration/Fire             2
   c - Conjure Flame                  Conjuration/Fire             3
   d - Inner Flame                    Hexes/Fire                   3
   e - Sticky Flame                   Conjuration/Fire             4
   f - Fireball                       Conjuration/Fire             5
   Trog disapproves of the use of such an item.
Comestibles
 c - 12 bread rations
 k - a slice of pizza
 s - 6 meat rations
 t - 7 fruits


   Skills:
 + Level 8.4 Fighting
 - Level 14.8 Maces & Flails
 - Level 2.6 Dodging


You had 8 spell levels left.
You didn't know any spells.

Dungeon Overview and Level Annotations

Branches:
Dungeon (8/15)             Temple (0/1) D:7
   Lair: D:8-11

Altars:
Fedhas
Kikubaaqudgha
Makhleb
Nemelex Xobeh
Ru
Yredelemnul

Shops:
D:6 %

Annotations:
D:3 exclusion: oklob plant


Innate Abilities, Weirdness & Mutations

You are too large for most types of armour.
You have tough skin. (AC +1)
You are agile. (Dex +2)
You are somewhat resistant to further mutation.


Message History

You see here an amethyst potion.
w - an amethyst potion The lava snake spits lava at you.
The glob of lava hits you! The lava snake spits lava at you.
The glob of lava hits you!
Your amulet of dismissal vibrates suddenly!
The lava snake disappears!
The lava snake reappears nearby!
The lava snake spits lava at you. The glob of lava hits you!
* * * LOW HITPOINT WARNING * * *
The lava snake spits lava at you. The glob of lava hits you!
* * * LOW HITPOINT WARNING * * *
A red film seems to cover your vision as you go berserk!
You feel yourself moving faster!
You feel mighty!
You are feeling very hungry.
The lava snake spits lava at you. The glob of lava hits you!
You die...

.# #≈≈≈§§.≈ .#
##≈≈§§≈.§§≈≈§≈
.###########≈≈§§≈≈.§§≈§≈≈≈#
.......(.##≈≈≈§§§§§.≈§≈≈§≈§
########(#≈≈≈≈≈S§≈..§≈≈≈§§§
#.#≈≈§≈§≈≈§..§§≈≈§§≈
#)#§§≈§§§§⌠.§⌠≈§≈≈≈≈
#.'..§§§(.§≈≈.......
#.'......@.≈§....$..
###≈≈≈≈≈≈≈§..⌠≈≈≈≈≈§
#≈≈≈§≈§≈≈..S≈§≈≈≈≈
#≈≈≈≈§≈§§§.§§≈§≈≈≈
##≈≈≈≈≈§§..≈≈≈≈≈≈≈
##≈≈§≈≈§§.§§≈§§≈#
##≈≈§≈≈..≈≈≈§≈##
##§≈§≈..≈≈≈§## ##§≈≈..≈≈≈##


You could see 2 lava snakes.

Vanquished Creatures
  The ghost of Thraspic the Grappler, a novice MiFi of Okawaru (D:7)
  The ghost of TrogTrogTrog the Poker, a novice NaFi (D:4)
  Sigmund (D:6)
  The ghost of TrogTrogTrog the Poker, an amateur NaFi (D:3)
  A mottled dragon (D:8)
  A black bear (D:6)
  A sky beast (D:6)
  An orc warrior (D:6)
  2 centaurs
  3 scorpions
  A howler monkey (D:7)
  5 crimson imps
  An orc priest (D:3)
  A jelly (D:5)
  2 hounds
  2 giant frog skeletons
  An iguana (D:5)
  5 orc wizards
  5 worker ants
  A hound zombie (D:7)
  2 hound skeletons
  A worker ant zombie (D:6)
  Robin (D:4)
  3 gnolls (D:6)
  8 adders
  A river rat (D:4)
  A shadow imp (D:8)
  An adder zombie (D:7)
  An adder skeleton (D:5)
  2 dart slugs
  9 giant geckos
  22 orcs
  A ball python (D:1)
  4 bats
  9 giant cockroaches
  6 hobgoblins
  21 jackals
  3 quokkas
  A giant newt (D:6)
  18 goblins
  11 kobolds
  A quokka skeleton (D:5)
  6 rats
170 creatures vanquished.

Notes
Turn   | Place    | Note
-------+----------+-------------------------------------------
     0 | D:1      | Jmtri7 the Ogre Berserker began the quest for the Orb.
     0 | D:1      | Reached XP level 1. HP: 24/24 MP: 1/1
   372 | D:1      | Reached XP level 2. HP: 28/32 MP: 2/2
   727 | D:1      | Reached skill level 5 in Maces & Flails
  1158 | D:2      | Reached XP level 3. HP: 30/39 MP: 3/3
  1184 | D:2      | Reached ** piety under Trog
  1322 | D:2      | Found a burning altar of Makhleb.
  1432 | D:2      | Reached skill level 6 in Maces & Flails
  1701 | D:3      | Reached XP level 4. HP: 21/48 MP: 4/4
  2104 | D:3      | Found an ancient bone altar of Kikubaaqudgha.
  2231 | D:3      | Noticed TrogTrogTrog's ghost (amateur NaFi)
  2233 | D:3      | Found a blossoming altar of Fedhas.
  2246 | D:3      | Killed TrogTrogTrog's ghost
  2246 | D:3      | Reached skill level 8 in Maces & Flails
  2246 | D:3      | Reached XP level 5. HP: 54/54 MP: 5/5
  2246 | D:3      | Reached XP level 6. HP: 62/62 MP: 6/6
  2291 | D:3      | Noticed an oklob plant
  2581 | D:3      | Reached skill level 9 in Maces & Flails
  2614 | D:3      | HP: 3/62 [centaur (7)]
  3017 | D:4      | Noticed TrogTrogTrog's ghost (novice NaFi)
  3082 | D:4      | Killed TrogTrogTrog's ghost
  3082 | D:4      | Reached skill level 11 in Maces & Flails
  3082 | D:4      | Reached XP level 7. HP: 9/70 MP: 7/7
  3748 | D:4      | Reached *** piety under Trog
  3754 | D:4      | Reached XP level 8. HP: 68/78 MP: 8/8
  3865 | D:4      | Reached skill level 12 in Maces & Flails
  4052 | D:4      | Noticed Robin
  4089 | D:4      | Killed Robin
  4605 | D:5      | Entered Level 5 of the Dungeon
  4670 | D:5      | Reached **** piety under Trog
  4700 | D:5      | Found a basalt altar of Yredelemnul.
  4839 | D:5      | Reached skill level 13 in Maces & Flails
  5167 | D:6      | Noticed Sigmund
  5186 | D:6      | Killed Sigmund
  5186 | D:6      | Reached skill level 14 in Maces & Flails
  5485 | D:6      | Reached XP level 9. HP: 84/84 MP: 9/9
  5535 | D:6      | Found a sparkling altar of Nemelex Xobeh.
  5840 | D:6      | Found Imocleeg's Food Shoppe.
  5873 | D:6      | Gained mutation: You are somewhat resistant to further mutation. [mutagenic meat]
  5888 | D:6      | Gained mutation: You are agile. (Dex +2) [mutagenic meat]
  5898 | D:6      | Bought a bread ration for 60 gold pieces
  5898 | D:6      | Bought a bread ration for 60 gold pieces
  5898 | D:6      | Bought a bread ration for 60 gold pieces
  5898 | D:6      | Bought a meat ration for 60 gold pieces
  5898 | D:6      | Bought a bread ration for 60 gold pieces
  5898 | D:6      | Bought a bread ration for 60 gold pieces
  6084 | D:7      | Noticed Thraspic's ghost (novice MiFi)
  6103 | D:7      | Killed Thraspic's ghost
  6348 | D:7      | Found a staircase to the Ecumenical Temple.
  6860 | D:7      | Found a sacrificial altar of Ru.
  7036 | D:8      | Killed from afar by a lava snake

Vault maps used:
D:1:      evilmike_arrival_crescent, minmay_misc_feat_square
D:2:      bloody_makhleb
D:3:      kiku_gazebo_pond_becter, minivault_14, tgw_fedhas
D:4:      kennysheep_goblin_castle, first_bread, gup_sewer_entry_bowl
D:5:      kennysheep_mini_moat
D:6:      basic_altar, serial_shops, nicolae_shop_window_shopping, uniq_sigmund
D:7:      lemuel_coloured_pillars_altar
D:8:      kennysheep_big_flooded_room, minitemple, basic_altar,
          hangedman_pestilent_swarm

Skill      XL: |  1  2  3  4  5  6  7  8  9 |
---------------+----------------------------+-----
Maces & Flails | 5 6 8 11 14 | 14.8
Fighting       | 8 |  8.4
Dodging        | |  2.6

Action                   |  1- 3 |  4- 6 |  7- 9 || total
-------------------------+-------+-------+-------++-------
Melee: Mace              |   106 |    85 |   323 ||   514
       Dire flail        |       |       |    55 ||    55
Invok: Berserk           |       |     6 |     8 ||    14
       Burn Spellbooks   |       |       |     1 ||     1
  Use: Potion            |       |       |     3 ||     3
       Scroll            |       |       |    12 ||    12
  Eat: Chunk             |     2 |     9 |    21 ||    32
       Royal jelly       |       |       |     1 ||     1
Armor: Animal skin       |    31 |    44 |    64 ||   139
       Robe              |       |       |    37 ||    37
       Skin              |       |       |     1 ||     1
Dodge: Dodged            |    66 |    53 |   194 ||   313
